Map: Frostline LE

Players

SKillous - Winner!

  • Race: Protoss Protoss
  • League: Grandmaster
  • Spawn Location: 1:00

Fjant

  • Race: Zerg Zerg
  • League: Master
  • Spawn Location: 7:00

Event: HomeStory Cup XXVI

VOD

Have the link to the VOD?

Description

Time

  • Played on: Nov. 29, 2024, 8:06 a.m.
  • Length: 11:11

All games in this series

Show
View Real Time Build Order
Export as new Build Order

SKillous Protoss - Winner!

Build Orders: 1 Gate Expand, Oracle Opening 

Get SALT Encoding   

  12  0:00  Probe  
  13  0:13  Probe  
  13  0:14  Pylon  
  14  0:21  Probe  
  15  0:31  Probe  
  16  0:40  Gateway  
  16  0:43  Probe  
  16  0:49  Assimilator  
  17  0:55  Probe  
  18  1:08  Probe  
  19  1:20  Probe  
  20  1:26  Nexus  
  20  1:36  Cybernetics Core  
  20  1:38  Probe  
  21  1:44  Assimilator  
  21  1:50  Probe  
  21  1:54  Pylon  
  22  2:02  Adept, Probe  
  23  2:14  Probe  
  26  2:19  Stargate  
  26  2:26  Adept, Probe  
  26  2:29  Warp Gate  
  27  2:34  Probe  
  29  2:38  Probe  
  29  2:42  Probe  
  31  2:50  Probe  
  33  2:52  Probe  
  33  2:54  Adept  
  33  2:57  Oracle  
  36  3:02  Probe  
  36  3:04  Probe  
  41  3:15  Probe  
  41  3:17  Probe  
  41  3:19  Pylon  
  43  3:27  Probe  
  43  3:28  Adept  
  43  3:29  Probe  
  46  3:35  Oracle  
  46  3:39  Probe  
  51  3:51  Probe  
  51  3:54  Pylon  
  52  3:55  Probe  
  52  4:03  Nexus  
  52  4:06  Probe  
  52  4:07  Oracle  
  52  4:09  Probe  
  52  4:16  Pylon  
  48  4:18  Probe  
  49  4:25  Gateway  
  49  4:26  Probe  
  49  4:30  Twilight Council, Probe  
  49  4:32  Forge  
  49  4:35  Assimilator  
  49  4:36  Assimilator  
  49  4:38  Probe  
  50  4:39  Adept  
  50  4:42  Probe  
  53  4:46  Blink  
  53  4:50  Probe  
  54  4:54  Probe  
  54  4:57  Protoss Ground Weapons Level 1  
  54  4:59  Adept  
  57  5:02  Probe  
  57  5:05  Shield Battery  
  57  5:06  Probe  
  59  5:16  Gateway  
  59  5:17  Gateway, Probe  
  59  5:18  Probe  
  61  5:22  Probe  
  61  5:26  Adept  
  61  5:27  Gateway  
  63  5:29  Probe  
  63  5:35  Probe x2  
  66  5:39  Gateway  
  66  5:41  Probe  
  66  5:42  Gateway  
  65  5:47  Probe x2  
  67  5:51  Stalker x2  
  67  5:53  Probe  
  67  5:55  Pylon  
  72  5:59  Probe  
  72  6:00  Probe  
  74  6:05  Probe  
  74  6:08  Pylon  
  75  6:15  Stalker x4  
  79  6:34  Stalker x2  
  79  6:36  Pylon  
  83  6:40  Stalker x2  
  83  6:41  Stalker x3  
  83  6:43  Pylon  
  93  6:48  Gateway  
  93  6:55  Gateway  
  91  7:04  Stalker x3  
  91  7:05  Stalker x4  
  105  7:13  Protoss Ground Weapons Level 2  
  105  7:14  Probe  
  104  7:23  Charge  
  104  7:31  Pylon x3  
  102  7:43  Stalker x4  
  102  7:57  Nexus  
  102  8:07  Stalker  
  102  8:08  Stalker x4  
  112  8:39  Stalker x6  
  112  8:40  Stalker x2  
  124  8:44  Probe  
  124  8:45  Photon Cannon  
  125  8:57  Probe  
  125  9:03  Stalker  
  125  9:06  Zealot x2  
  125  9:08  Probe  
  125  9:09  Probe  
  123  9:10  Stalker  
  123  9:11  Stalker x2  
  125  9:17  Shield Battery  
  125  9:21  Probe x2  
  127  9:27  Zealot x3  
  133  9:32  Oracle  
  134  9:38  Zealot  
  134  9:45  Zealot x2  
  139  10:01  Pylon  
  139  10:03  Pylon  
  139  10:04  Pylon  
  139  10:10  Templar Archives  
  139  10:12  Assimilator  
  139  10:16  Assimilator, Probe  
  139  10:17  Probe  
  137  10:26  Zealot x9  
  153  10:34  Probe  
  149  10:37  Probe  
  149  10:40  Probe  
  149  10:46  Probe  
  140  10:59  Zealot x9  
Show
View Real Time Build Order
Export as new Build Order

Fjant Zerg 

Build Orders: Hatch First 

Get SALT Encoding   

  12  0:00  Drone  
  13  0:11  Drone  
  14  0:14  Drone, Extractor  
  15  0:35  Hatchery  
  14  0:39  Drone, Extractor  
  15  0:46  Overlord  
  15  1:00  Spawning Pool  
  14  1:04  Drone  
  14  1:08  Drone  
  14  1:11  Drone  
  17  1:18  Drone  
  18  1:26  Drone  
  19  1:39  Drone  
  20  1:41  Extractor  
  19  1:49  Queen x2, Zergling x2  
  24  1:55  Drone  
  24  1:58  Drone x2  
  27  2:10  Overlord  
  27  2:11  Drone  
  28  2:28  Drone x2  
  30  2:30  Drone  
  30  2:32  Hatchery  
  30  2:41  Drone  
  30  2:43  Zergling x4  
  33  2:45  Queen  
  35  2:51  Overlord  
  35  2:58  Evolution Chamber  
  35  3:06  Drone  
  35  3:09  Queen  
  38  3:13  Metabolic Boost  
  38  3:15  Drone x2  
  38  3:18  Zergling x4  
  41  3:39  Drone x4  
  41  3:40  Drone  
  43  3:44  Drone x4  
  43  3:46  Evolution Chamber  
  46  3:52  Drone  
  47  3:56  Zergling x6  
  41  4:11  Drone x4  
  41  4:12  Zerg Melee Weapons Level 1  
  44  4:17  Drone x4  
  44  4:21  Drone  
  48  4:25  Zergling x4  
  48  4:29  Drone  
  49  4:42  Spore Crawler  
  49  4:43  Drone  
  49  4:48  Overlord  
  49  4:51  Overlord  
  49  4:52  Drone  
  50  5:00  Overlord  
  50  5:02  Drone  
  50  5:04  Overlord  
  50  5:08  Drone x8  
  50  5:10  Drone x2  
  50  5:12  Spore Crawler  
  59  5:15  Queen  
  59  5:17  Drone  
  59  5:18  Drone  
  64  5:21  Drone  
  64  5:24  Drone x2  
  66  5:29  Drone x2  
  63  5:38  Drone x3  
  63  5:39  Lair  
  63  5:41  Zergling x8  
  68  5:43  Drone x2  
  68  5:46  Extractor x2  
  68  5:49  Spore Crawler  
  67  5:50  Drone x3  
  67  5:52  Drone  
  67  5:55  Extractor  
  67  5:57  Overlord x2  
  70  5:59  Drone  
  70  6:00  Drone x2  
  73  6:12  Roach Warren  
  73  6:14  Drone x2  
  73  6:15  Zergling x2  
  73  6:16  Zergling x2  
  76  6:21  Zergling x8  
  76  6:25  Hatchery, Zergling x6  
  83  6:29  Zergling x6  
  83  6:31  Zergling x2  
  81  6:36  Zergling x4  
  81  6:38  Zergling x2  
  84  6:40  Zerg Melee Weapons Level 2  
  84  6:43  Drone x2  
  84  6:45  Zergling x8  
  90  6:49  Overlord x2  
  90  6:57  Overlord  
  89  7:03  Zergling x2  
  89  7:08  Zergling x12  
  94  7:11  Zergling x6  
  96  7:20  Zergling x8  
  95  7:23  Zergling x2  
  95  7:27  Zergling x2  
  86  7:32  Zergling x4  
  86  7:33  Glial Reconstitution  
  86  7:35  Zergling x2  
  86  7:37  Hatchery  
  81  7:39  Zergling x8  
  81  7:43  Zergling x6  
  82  7:45  Roach  
  82  7:46  Roach x2  
  82  7:50  Roach  
  90  7:54  Queen x3  
  90  7:55  Zergling x2  
  96  8:03  Zergling x6  
  95  8:07  Zergling x6  
  95  8:08  Ravager x2  
  95  8:10  Zergling x12  
  102  8:16  Zergling x2  
  102  8:19  Zergling x2  
  100  8:20  Zergling x4  
  100  8:26  Zergling x2  
  91  8:31  Zergling x8  
  90  8:39  Zergling x2  
  90  8:40  Zergling x10  
  91  8:42  Ravager x2  
  91  8:45  Zergling x6  
  91  8:47  Roach  
  98  8:53  Roach x3  
  99  8:57  Zergling x4  
  100  9:05  Zergling x8  
  100  9:08  Zergling x6  
  107  9:10  Ravager  
  107  9:13  Roach x4  
  107  9:16  Roach x2  
  118  9:22  Roach  
  119  9:25  Overlord  
  117  9:35  Zergling x10  
  109  9:39  Roach x4  
  109  9:44  Overlord x2  
  115  9:47  Roach  
  115  9:51  Zergling x2  
  110  9:56  Zergling x4  
  110  9:58  Zergling x2  
  110  9:59  Ravager x7  
  120  10:03  Zergling x2  
  120  10:04  Zergling x2  
  119  10:10  Zergling x2  
  119  10:11  Hatchery, Zergling x4  
  119  10:12  Ravager x6  
  122  10:24  Zergling x8  
  122  10:27  Zergling x4  
  126  10:32  Zergling x4  
  123  10:37  Zergling x2  
  123  10:38  Zergling x2  
  123  10:41  Zergling x2  
  123  10:45  Zergling x8  
  103  10:51  Roach x2  
  103  10:54  Hatchery  
Tags
 
Add a new tag
Caveats
  • Supply blocks, unpowered buildings, or Contaminate may cause inaccurate times.
  • Supply counts are checked every 10 seconds.